 Dungeon Crawl Stone Soup version 0.27.0-66-gdc8fb28755 (webtiles) character file.

Game seed: 4839812270224471202

226 hawla the Grave Robber (level 5, -14/29 HPs)
             Began as a Deep Elf Necromancer on Aug 19, 2021.
             Demolished by an ogre (28 damage)
             ... on level 4 of the Dungeon.
             The game lasted 00:11:07 (4554 turns).

hawla the Grave Robber (Deep Elf Necromancer)       Turns: 4554, Time: 00:11:09

Health: -14/29     AC:  4    Str:  5    XL:     5   Next: 69%
Magic:  3/13       EV: 13    Int: 21    God:
Gold:   155        SH:  5    Dex: 15    Spells: 4/12 levels left

rFire    . . .     SeeInvis .   k - +0 triple sword
rCold    . . .     Faith    .   (shield currently unavailable)
rNeg     . . .     Spirit   .   a - +0 robe
rPois    .         Reflect  +   b - +0 helmet
rElec    .         Harm     .   (no cloak)
rCorr    .         Rampage  .   (no gloves)
Will     .....                  c - +0 pair of boots
Stlth    +++.......             g - amulet of reflection
HPRegen  0.09/turn              (no ring)
MPRegen  0.13/turn              (no ring)

@: no status effects
A: no striking features
a: no special abilities


You were on level 4 of the Dungeon.
You visited 1 branch of the dungeon, and saw 4 of its levels.

You collected 155 gold pieces.

Inventory:

Hand Weapons
 k - a +0 triple sword (weapon)
Missiles
 f - 5 javelins
Armour
 a - a +0 robe (worn)
 b - a +0 helmet (worn)
 c - a +0 pair of boots (worn)
Jewellery
 g - an amulet of reflection (around neck)
Scrolls
 d - a scroll of identify
 e - a scroll of fear
 h - a scroll of brand weapon {unknown}
 j - a scroll of teleportation
 l - a scroll of noise {unknown}
Potions
 i - 4 potions of curing


   Skills:
 + Level 1.1 Fighting
 + Level 0.4 Throwing
 + Level 4.1 Dodging
 - Level 4.0 Stealth
 - Level 4.0 Spellcasting
 - Level 6.0 Necromancy
 - Level 1.0 Earth Magic
 + Level 0.5 Poison Magic


You had 4 spell levels left.
You knew the following spells:

 Your Spells              Type           Power      Damage    Failure   Level
a - Pain                  Necr           100%       1d9       1%          1
b - Vampiric Draining     Necr           14%        2d8       3%          3
c - Animate Dead          Necr           14%        N/A       10%         4

Your spell library contained the following spells:

 Spells                   Type           Power      Damage    Failure   Level
 Animate Skeleton         Necr           58%        N/A       1%          1
 Sting                    Tmut/Pois      20%        1d4       11%         1
 Poisonous Vapours        Pois/Air       10%        N/A       16%         2
 Olgreb's Toxic Radiance  Pois           6%         N/A       67%         4
 Agony                    Necr           29%        N/A       28%         5


Dungeon Overview and Level Annotations

Branches:
Dungeon (4/15)
 Temple: D:4-7

Altars:
Fedhas
Xom
Zin

Annotations:
D:3 dig the angel and the cockroach


Message History

Confirm with . or Enter, or press ? or * to list all spells.
Aiming: Pain (safe; 1% risk of failure)
Press: ? - help, Shift-Dir - straight line, f - ogre
Aim: an ogre, wielding a +0 giant club (chance to affect: 84%)
The ogre writhes in agony!
Casting: Pain (safe; 1% risk of failure)
Confirm with . or Enter, or press ? or * to list all spells.
Aiming: Pain (safe; 1% risk of failure)
Press: ? - help, Shift-Dir - straight line, f/p - ogre
Aim: an ogre, wielding a +0 giant club (moderately wounded, chance to affect: 84%)
The ogre barely resists.
Casting: Pain (safe; 1% risk of failure)
Confirm with . or Enter, or press ? or * to list all spells.
Aiming: Pain (safe; 1% risk of failure)
Press: ? - help, Shift-Dir - straight line, f/p - ogre
Aim: an ogre, wielding a +0 giant club (moderately wounded, chance to affect: 84%)
The ogre writhes in agony!
Casting: Pain (safe; 1% risk of failure)
Confirm with . or Enter, or press ? or * to list all spells.
Aiming: Pain (safe; 1% risk of failure)
Press: ? - help, Shift-Dir - straight line, f/p - ogre
Aim: an ogre, wielding a +0 giant club (heavily wounded, chance to affect: 84%)
The ogre writhes in agony!
Casting: Pain (safe; 1% risk of failure)
Confirm with . or Enter, or press ? or * to list all spells.
Aiming: Vampiric Draining (dangerous; 3% risk of failure)
Press: ? - help, Shift-Dir - straight line, f/p - ogre
Aim: an ogre, wielding a +0 giant club (severely wounded)
You draw life force from the ogre.
You feel life coursing into your body. The ogre hits you with a +0 giant club!
Ouch! That really hurt!
Casting: Vampiric Draining (dangerous; 3% risk of failure)
Confirm with . or Enter, or press ? or * to list all spells.
Aiming: Vampiric Draining (dangerous; 3% risk of failure)
Press: ? - help, Shift-Dir - straight line, f/p - ogre
Aim: an ogre, wielding a +0 giant club (almost dead) Nothing appears to happen.
The ogre hits you with a +0 giant club!!
Ouch! That really hurt!
You die...

..##...#....####.##....#
..########..####.##....#
...# #..............#
...# #..............#
...# #..............#
...# ##....##.......#
...# ##....##.......#
..## #..............#
.n# #.....##@......#
#### #.....##.O.....#
...## ####+###......<.
....# #........ #...#
......... ##..#
......... ##..#
......... #...#
.......... ....#


You could see an ogre.

Vanquished Creatures
  An ice beast (D:3)
  A hound skeleton (D:4)
  2 adders
  2 worms (D:2)
  5 dart slugs
  7 orcs
  7 ball pythons
  5 bats
  12 endoplasms
  3 giant cockroaches
  6 goblins
  7 hobgoblins
  3 jackals (D:3)
  4 frilled lizards
  8 kobolds
  9 rats
82 creatures vanquished.

Notes
Turn   | Place    | Note
-------+----------+-------------------------------------------
     0 | D:1      | hawla the Deep Elf Necromancer began the quest for the Orb.
     0 | D:1      | Reached XP level 1. HP: 10/10 MP: 6/6
   276 | D:1      | Reached skill level 5 in Necromancy
   377 | D:1      | Reached XP level 2. HP: 7/15 MP: 4/8
   994 | D:1      | Reached XP level 3. HP: 16/19 MP: 6/9
   998 | D:1      | Learned a level 3 spell: Vampiric Draining
  1820 | D:2      | Found a blossoming altar of Fedhas.
  2142 | D:2      | Reached skill level 1 in Earth Magic
  2162 | D:2      | Found a faded altar of an unknown god.
  2306 | D:2      | Reached XP level 4. HP: 22/24 MP: 8/11
  2316 | D:2      | Learned a level 4 spell: Animate Dead
  2954 | D:3      | Reached skill level 1 in Fighting
  3146 | D:3      | Found a shimmering altar of Xom.
  3146 | D:3      | Found a glowing silver altar of Zin.
  3147 | D:3      | Noticed an angel
  3210 | D:3      | Noticed an ice beast
  3231 | D:3      | Killed an ice beast
  3232 | D:3      | Reached XP level 5. HP: 5/29 MP: 1/13
  3944 | D:3      | Reached skill level 6 in Necromancy
  4418 | D:4      | Noticed a necrophage
  4547 | D:4      | Noticed an ogre
  4554 | D:4      | Demolished by an ogre

Illustrated notes

Levels and vault maps discovered:
D:1:      noname_arrival_rooms_in_the_neighbourhood, layout_rooms
D:2:      layout_rooms, ebering_ecumenical_altar_box, minmay_hexomino_r4
D:3:      layout_basic, grunt_temple_overflow_order_and_chaos_1
D:4:      minmay_chambers_of_fours, layout_gridville, grunt_ministairs_9,
          minivault_5, kennysheep_another_room

Skill      XL: |  1  2  3  4  5 |
---------------+----------------+-----
Necromancy     | 5 6 |  6.0
Stealth        | 3 4 |  4.0
Dodging        | 3 4 |  4.1
Earth Magic    | 1 |  1.0
Fighting       | 1 |  1.1
Spellcasting   | 4 |  4.0
Throwing       | |  0.4
Poison Magic   | |  0.5

Action                   |  1- 3 |  4- 6 || total
-------------------------+-------+-------++-------
Melee: Unarmed           |     6 |     8 ||    14
       Triple sword      |       |     4 ||     4
 Cast: Pain              |    75 |    67 ||   142
       Vampiric Draining |     5 |     3 ||     8
       Animate Dead      |       |     3 ||     3
  Use: Scroll            |     2 |     4 ||     6
       Potion            |       |     2 ||     2
 Stab: Sleeping          |     1 |       ||     1
Armor: Robe              |     2 |     6 ||     8
Dodge: Dodged            |    17 |    12 ||    29
Block: Other             |       |     9 ||     9
